 Dungeon Crawl Stone Soup version bcrawl-1.27.6 (webtiles) character file.

Game seed: 17518803700005859691

106603 DogServant the Chiller (level 3, 2/26 HPs)
             Began as a Demigod Ice Elementalist on Oct 5, 2020.
             Quit the game on level 3 of the Dungeon.
             The game lasted 00:03:51 (1438 turns).

DogServant the Chiller (Demigod Ice Elementalist)   Turns: 1438, Time: 00:03:52

Health: 2/26       AC:  2    Str: 11 (12) XL:     3   Next: 33%
Magic:  9/9        EV: 13    Int: 19 (21) God:    Demigod [......]
Gold:   64         SH:  0    Dex: 16 (17) Spells: 0/6 levels left

rFire    + . .     SeeInvis .     - Fists (3.1)
rCold    + . .     Gourm    .   (no shield)
rNeg     . . .     Faith    .   a - +0 robe
rPois    +         Spirit   .   (no helmet)
rElec    +         Reflect  .   (no cloak)
rCorr    +         Harm     .   (no gloves)
MR       .....                  (no boots)
Stlth    ++........             (no amulet)
HPRegen  0.08/turn              (no ring)
MPRegen  0.11/turn              (no ring)

@: lethally poisoned (2 -> 0), swift, resistant, berserk cooldown, flying,
slowed
A: high mp 1
a: no special abilities


You were on level 3 of the Dungeon.
You worshipped Demigod.
Demigod was noncommittal.
You were hungry.

You visited 1 branch of the dungeon, and saw 3 of its levels.

You collected 64 gold pieces.

Inventory:

Armour
 a - a +0 robe (worn)
 b - a +1 pair of gloves
 m - a scarf of clouds
Jewellery
 j - a cursed ring of attention {unknown}
Wands
 c - a wand of iceblast (1)
Scrolls
 l - 3 scrolls of identify
Comestibles
 e - 6 rations {!d}


   Skills:
 - Level 2.1 Dodging
 + Level 2.2 Stealth
 + Level 2.3 Spellcasting
 - Level 0.8 Conjurations
 + Level 3.2 Ice Magic


You couldn't memorise any spells.
You knew the following spells:

 Your Spells              Type           Power        Failure   Level  Hunger
a - Freeze                Ice            ##....       4%          1    None
b - Throw Frost           Conj/Ice       ##....       4%          2    ##.....
c - Ozocubu's Armour      Chrm/Ice       #.......     26%         3    ####...

Your spell library contained the following spells:

 Spells                   Type           Power        Failure   Level  Hunger
 Throw Icicle             Conj/Ice       ##......     56%         4    ######.
 Ice Form                 Ice/Tmut       #.......     63%         4    ######.
 Summon Ice Beast         Ice/Summ       #.......     63%         4    ######.


Dungeon Overview and Level Annotations

Branches:
Dungeon (3/12)

Annotations:
D:2 Robin


Innate Abilities, Weirdness & Mutations

You have an increased reservoir of magic. (+10% MP)


Message History

You feel yourself slow down.
There is a lethal amount of poison in your body!
There is a lethal amount of poison in your body!
There is a lethal amount of poison in your body!
As you read the scroll labeled ASSOUGR LIOTAPH, it crumbles to dust.
The air around you briefly surges with heat, but it dissipates.
It was a scroll of immolation.
* * * LOW HITPOINT WARNING * * *
You feel sick.
As you read the scroll labeled NAERPH NUNUN, it crumbles to dust.
You feel strangely unstable.
It was a scroll of teleportation.
As you read the scroll labeled XEOMOI ACZUCH, it crumbles to dust.
It is a scroll of enchant weapon.
You aren't carrying any weapons that can be enchanted.
* * * LOW HITPOINT WARNING * * *
You feel sick.
Your surroundings suddenly seem different.
* * * LOW HITPOINT WARNING * * *
You feel sick.
Are you sure you want to abandon this character and quit the game? (Confirm with "yes".)

####....#
#.......#
#.##....#
#.##....#
#.##.####
#.##.####
#.......#
###########.##.#
.......@..#.##.#
######....#.##.#
#.####....# #.
#[...# #. #....#
##.####....#
...........#
##....#)...#
####.#....#


There were no monsters in sight!

Vanquished Creatures
  An adder (D:2)
  An orc (D:3)
  2 bats (D:1)
  9 goblins
  4 hobgoblins (D:2)
  A jackal (D:2)
  3 kobolds
  A quokka (D:2)
  A ball python (D:2)
  2 frilled lizards
  4 rats
29 creatures vanquished.

Notes
Turn   | Place    | Note
-------+----------+-------------------------------------------
     0 | D:1      | DogServant the Demigod Ice Elementalist began the quest for
                  | the Orb.
     0 | D:1      | Reached XP level 1. HP: 14/14 MP: 5/5
   348 | D:1      | Reached skill level 3 in Ice Magic
   591 | D:1      | Reached XP level 2. HP: 20/20 MP: 4/7
   971 | D:2      | Found a basalt altar of Yredelemnul.
   971 | D:2      | Found a shimmering blue altar of Sif Muna.
   972 | D:2      | Found a corrupted altar of Lugonu.
  1006 | D:2      | Reached XP level 3. HP: 13/26 MP: 0/8
  1237 | D:2      | Noticed Robin
  1394 | D:3      | Learned a level 2 spell: Throw Frost
  1398 | D:3      | Learned a level 3 spell: Ozocubu's Armour
  1438 | D:3      | Quit the game

Skill      XL: |  1  2 |
---------------+-------+-----
Dodging        | 2 |  2.1
Ice Magic      | 3 |  3.2
Spellcasting   | 2 |  2.3
Stealth        | |  2.2
Conjurations   | |  0.8

Action                   || total
-------------------------++-------
Melee: Unarmed           ||    37
 Cast: Freeze            ||    36
  Use: Potion            ||     5
       Scroll            ||     3
 Stab: Sleeping          ||     2
  Eat: Chunk             ||     2
Armor: Robe              ||    15
Dodge: Dodged            ||    57
